Map: [ESL] Goldenaura

Players

Lambo - Winner!

  • Race: Zerg Zerg
  • Spawn Location: 12:00

Spirit

  • Race: Terran Terran
  • Spawn Location: 5:00

Event: ESL Spring 2024 Finals

VOD

Have the link to the VOD?

Description

Time

  • Played on: June 1, 2024, 11:34 a.m.
  • Length: 37:34

All games in this series

Show
View Real Time Build Order
Export as new Build Order

Lambo Zerg - Winner!

Build Orders: Hatch First 

Get SALT Encoding   

  12  0:00  Drone  
  13  0:12  Overlord  
  13  0:17  Drone  
  14  0:31  Drone x2  
  16  0:48  Hatchery  
  15  0:51  Drone  
  15  0:55  Drone  
  17  0:58  Drone  
  18  1:09  Extractor  
  17  1:13  Spawning Pool  
  17  1:17  Drone  
  17  1:20  Drone  
  18  1:28  Drone  
  19  1:38  Drone  
  20  1:49  Drone  
  21  2:00  Queen x2  
  21  2:01  Zergling x4  
  27  2:10  Drone  
  27  2:11  Overlord  
  28  2:22  Hatchery  
  27  2:26  Drone  
  28  2:30  Drone  
  28  2:33  Drone x2  
  31  2:39  Queen  
  31  2:44  Overlord  
  33  2:49  Metabolic Boost  
  33  2:52  Drone  
  33  2:54  Drone  
  33  2:58  Drone  
  36  3:05  Queen  
  38  3:06  Drone  
  38  3:08  Drone  
  38  3:10  Drone  
  41  3:13  Drone x2  
  41  3:17  Drone  
  41  3:19  Overlord  
  44  3:26  Overlord  
  44  3:33  Queen  
  47  3:34  Drone  
  47  3:36  Queen  
  47  3:41  Drone x3  
  52  3:45  Drone x2  
  52  3:46  Drone  
  52  3:48  Drone  
  56  3:52  Queen  
  56  3:55  Overlord  
  58  3:59  Drone  
  58  4:00  Overlord  
  59  4:03  Zergling x2  
  59  4:04  Drone x2  
  59  4:08  Overlord  
  62  4:10  Drone  
  62  4:13  Drone x2  
  62  4:15  Drone x2  
  67  4:20  Queen  
  67  4:22  Drone x2  
  71  4:25  Drone  
  71  4:28  Drone x2  
  71  4:30  Lair  
  74  4:32  Extractor  
  74  4:35  Drone  
  74  4:40  Drone x2  
  74  4:41  Hatchery  
  74  4:45  Zergling x4  
  77  4:47  Drone x2  
  77  4:49  Drone x3  
  77  4:52  Extractor  
  81  4:53  Extractor  
  81  4:54  Drone x2, Baneling Nest  
  81  5:01  Drone  
  81  5:04  Overlord  
  81  5:06  Overlord  
  82  5:09  Overlord  
  82  5:10  Extractor  
  82  5:11  Drone  
  82  5:12  Extractor  
  82  5:13  Drone  
  82  5:15  Overlord  
  82  5:16  Overlord  
  82  5:17  Overlord  
  82  5:22  Queen  
  82  5:23  Overlord  
  82  5:26  Drone x3  
  82  5:28  Drone x2  
  89  5:37  Drone x2  
  89  5:38  Drone  
  89  5:40  Centrifugal Hooks, Drone  
  89  5:41  Spire  
  89  5:42  Zergling x10  
  97  5:51  Zergling x4  
  97  5:52  Baneling x3  
  97  5:53  Baneling  
  97  5:55  Zergling x10  
  97  5:56  Baneling  
  97  5:57  Baneling  
  103  6:02  Zergling x2  
  104  6:06  Zergling x6  
  104  6:09  Zergling x6  
  110  6:15  Zergling x12  
  110  6:16  Baneling x2  
  116  6:20  Zergling x2, Overlord  
  117  6:25  Zergling x2  
  117  6:26  Zergling x8  
  117  6:29  Overlord  
  117  6:31  Overlord  
  122  6:35  Overlord  
  122  6:40  Drone  
  122  6:41  Drone  
  124  6:49  Drone  
  125  6:54  Mutalisk  
  125  6:55  Hatchery, Mutalisk x10  
  125  6:59  Evolution Chamber  
  125  7:00  Baneling x2  
  125  7:01  Baneling x2, Evolution Chamber  
  144  7:14  Drone x3  
  144  7:15  Drone x3  
  147  7:17  Zerg Flyer Weapons Level 1  
  147  7:19  Zergling x14  
  147  7:20  Drone x5  
  147  7:22  Extractor  
  158  7:26  Zerg Melee Weapons Level 1, Zerg Ground Armor Level 1  
  158  7:28  Drone  
  159  7:35  Overlord x2  
  159  7:37  Overlord  
  159  7:38  Overlord  
  159  7:40  Overlord  
  159  7:44  Overlord  
  159  7:45  Overlord  
  159  7:53  Drone x6  
  159  7:56  Drone x6  
  171  7:59  Overlord  
  171  8:00  Extractor  
  171  8:01  Overlord  
  171  8:02  Mutalisk  
  171  8:05  Overlord  
  172  8:10  Overlord  
  172  8:20  Mutalisk x4  
  172  8:23  Drone  
  172  8:26  Pneumatized Carapace  
  179  8:28  Hatchery, Mutalisk x6  
  179  8:30  Zergling x4  
  179  8:33  Extractor  
  189  8:42  Extractor  
  189  8:45  Infestation Pit  
  187  8:56  Mutalisk  
  187  8:58  Overseer  
  187  9:00  Hatchery  
  188  9:08  Mutalisk x5  
  198  9:19  Zerg Flyer Armor Level 1  
  198  9:23  Hive  
  198  9:38  Baneling x6  
  198  9:39  Overseer  
  198  9:40  Drone  
  199  9:57  Hatchery  
  196  10:15  Mutalisk  
  196  10:29  Overseer x2  
  196  10:35  Spore Crawler  
  195  10:36  Spine Crawler  
  195  10:40  Mutalisk x2  
  198  10:54  Adrenal Glands  
  198  10:55  Zerg Melee Weapons Level 2, Zerg Ground Armor Level 2  
  198  10:56  Ultralisk Cavern  
  197  10:59  Baneling x5  
  197  11:10  Zergling x32  
  197  11:11  Zergling x2  
  199  11:13  Zerg Flyer Weapons Level 2  
  199  11:14  Mutalisk x3  
  200  11:29  Baneling  
  200  11:30  Baneling x15  
  200  11:33  Baneling x9  
  200  11:34  Baneling x12  
  200  11:40  Spore Crawler  
  200  11:42  Drone  
  200  11:52  Hatchery  
  182  12:01  Zergling x36  
  182  12:03  Zergling x16  
  182  12:09  Zergling x18  
  182  12:12  Chitinous Plating  
  200  12:21  Drone x9, Overseer  
  199  12:28  Baneling x21  
  197  13:00  Zergling x16  
  197  13:03  Zergling x22  
  197  13:04  Zergling x2  
  196  13:07  Zergling x2  
  196  13:08  Zergling x10  
  196  13:11  Baneling x13  
  198  13:30  Spore Crawler  
  198  13:31  Spore Crawler, Zergling x16, Anabolic Synthesis  
  192  13:38  Zergling x34  
  197  13:41  Zerg Melee Weapons Level 3, Zerg Ground Armor Level 3  
  197  13:42  Zerg Flyer Weapons Level 3  
  197  13:45  Overlord  
  197  13:50  Baneling x6  
  197  13:51  Mutalisk x9  
  198  13:58  Mutalisk x2  
  198  14:02  Zergling x18  
  200  14:06  Baneling  
  200  14:07  Baneling x19  
  200  14:08  Overseer x2  
  198  14:11  Baneling x5  
  198  14:17  Drone x2  
  200  14:25  Extractor  
  200  14:26  Extractor  
  200  14:29  Overseer x2  
  198  14:58  Mutalisk x3  
  198  15:08  Drone x2  
  188  15:46  Zergling x24  
  200  15:54  Spine Crawler  
  200  15:55  Spine Crawler  
  198  15:58  Extractor  
  198  15:59  Extractor  
  194  16:18  Zerg Flyer Armor Level 2  
  187  16:33  Mutalisk x8  
  189  16:56  Mutalisk x6  
  189  16:58  Extractor  
  195  17:02  Extractor  
  195  17:07  Zergling x38  
  180  17:30  Zergling x42  
  180  17:36  Baneling x14  
  200  17:52  Baneling x15  
  200  18:02  Baneling x8  
  200  18:13  Baneling x4  
  190  18:29  Zergling x36  
  190  18:37  Zergling x20  
  200  18:52  Zerg Flyer Armor Level 3  
  198  19:08  Mutalisk x15  
  200  19:11  Zergling x6  
  200  19:16  Zergling x24  
  200  19:22  Zergling x4  
  200  19:31  Baneling x33  
  200  19:44  Zergling x10  
  187  20:00  Zergling x22  
  165  20:16  Drone x19  
  165  20:17  Mutalisk x15  
  165  20:20  Overlord  
  165  20:21  Overlord  
  192  20:36  Zergling x4  
  193  20:48  Zergling x44  
  168  21:00  Zergling x18  
  173  21:09  Drone x4  
  175  21:13  Drone x3, Queen x2  
  175  21:16  Drone x2  
  178  21:19  Spore Crawler  
  178  21:21  Mutalisk  
  178  21:23  Zergling x14  
  185  21:28  Spore Crawler  
  185  21:29  Drone x3  
  185  21:30  Drone x9  
  195  21:37  Baneling x18  
  195  21:41  Hatchery  
  195  21:45  Baneling x11  
  194  21:48  Greater Spire  
  194  22:04  Baneling x8, Overseer  
  192  22:29  Zergling x14  
  194  22:40  Zergling x22  
  199  22:48  Zergling x16  
  199  22:55  Baneling x8  
  194  22:59  Zergling x12  
  200  23:07  Baneling x11  
  182  23:27  Mutalisk x11  
  198  23:38  Spore Crawler  
  198  23:39  Hatchery  
  196  23:46  Drone x3  
  197  23:50  Mutalisk  
  196  24:02  Mutalisk x2  
  185  24:04  Zergling x14  
  185  24:07  Overseer x3  
  185  24:08  Overlord  
  185  24:09  Overlord  
  184  24:10  Overseer  
  184  24:11  Overseer  
  184  24:16  Baneling  
  184  24:17  Baneling x10  
  180  24:18  Overseer  
  180  24:19  Zergling x12  
  185  24:29  Zergling x32  
  191  24:44  Zergling x14  
  151  25:16  Viper  
  151  25:17  Viper  
  151  25:18  Corruptor x4  
  151  25:20  Zergling x28  
  161  25:30  Corruptor  
  161  25:31  Corruptor x2  
  167  25:39  Overlord  
  151  25:45  Corruptor  
  149  25:51  Ultralisk  
  149  25:54  Overlord x2  
  149  25:55  Overlord  
  155  26:01  Extractor  
  155  26:04  Overlord x2  
  154  26:05  Baneling x6  
  154  26:17  Ultralisk x4  
  178  26:18  Zergling x4  
  178  26:19  Baneling x5  
  178  26:20  Baneling x6, Overlord x2  
  178  26:21  Overlord  
  180  26:26  Ultralisk  
  180  26:27  Ultralisk  
  180  26:28  Zergling x8, Overseer  
  196  26:34  Overlord  
  196  26:37  Hatchery  
  195  26:46  Zergling x10  
  199  26:57  Baneling x3  
  199  26:59  Overseer x3  
  199  27:18  Overlord  
  199  27:23  Burrow  
  199  27:27  Zergling x6  
  198  27:34  Zergling x44  
  199  27:40  Zergling x2  
  185  27:48  Ultralisk x2  
  185  27:49  Zergling x16  
  191  27:54  Corruptor x2  
  191  27:57  Baneling  
  191  27:58  Baneling x6  
  184  27:59  Zergling x6  
  182  28:11  Viper  
  182  28:12  Zergling x14  
  192  28:19  Zergling x6  
  195  28:24  Zergling x6  
  198  28:28  Hatchery  
  198  28:31  Zergling x2  
  198  28:32  Zergling x2  
  198  28:33  Baneling x8  
  199  28:35  Baneling x10  
  199  28:37  Overseer x2  
  199  28:52  Zergling x2  
  199  28:53  Overlord, Extractor  
  199  28:55  Extractor  
  190  29:02  Baneling x8  
  190  29:09  Zergling x18  
  199  29:14  Zergling x4  
  199  29:26  Zergling x2  
  200  29:33  Overseer x6  
  182  29:40  Zergling x2  
  182  29:41  Zergling x42  
  182  29:44  Zergling x2  
  168  29:49  Ultralisk  
  168  29:51  Queen x2  
  149  29:54  Zergling x10  
  149  29:58  Zergling x2  
  155  30:03  Zergling x8  
  153  30:07  Baneling x14, Queen x2  
  153  30:13  Zergling x10  
  162  30:19  Zergling x4  
  139  30:25  Zergling x6  
  139  30:26  Baneling x4  
  139  30:27  Zergling x2  
  137  30:30  Overseer  
  137  30:32  Zergling x2  
  131  30:40  Zergling x8  
  127  30:45  Zergling x8  
  129  30:51  Zergling x4  
  131  30:58  Zergling x2  
  131  30:59  Zergling x6  
  135  31:04  Zergling x14  
  135  31:11  Zergling x8  
  145  31:13  Hatchery  
  145  31:16  Zergling x2  
  140  31:21  Zergling x2  
  140  31:22  Zergling x6  
  118  31:26  Zergling x2  
  118  31:29  Zergling x2  
  118  31:30  Queen x2  
  118  31:31  Queen  
  98  31:33  Queen, Zergling x6  
  98  31:37  Zergling x2  
  105  31:42  Zergling x8  
  105  31:45  Baneling x4  
  109  31:47  Overseer  
  109  31:49  Zergling x2  
  110  31:54  Zergling x8  
  110  31:58  Zergling x2  
  112  32:01  Zergling x2  
  112  32:05  Zergling x6  
  112  32:06  Baneling x5  
  113  32:11  Zergling x14  
  119  32:16  Zergling x2  
  119  32:17  Zergling x4  
  122  32:35  Zergling x10  
  127  32:47  Extractor  
  127  32:48  Extractor  
  127  32:50  Baneling x3  
  125  33:00  Hatchery  
  124  33:18  Zergling x4  
  126  33:28  Overseer  
  126  33:48  Zergling x12  
  132  34:05  Overseer  
  132  34:08  Baneling x3  
  132  34:14  Drone  
  133  34:25  Viper  
  136  34:31  Overseer  
  136  34:34  Drone x2  
  138  34:48  Zergling x8  
  142  34:58  Drone  
  142  34:59  Drone x2  
  145  35:08  Zergling x8  
  149  35:15  Drone  
  149  35:16  Overlord  
  150  35:28  Overlord  
  150  35:29  Zergling x6  
  153  35:47  Zergling x6  
  156  35:59  Overlord  
  156  36:02  Spore Crawler  
  156  36:03  Zergling x14  
  162  36:10  Overlord  
  158  36:12  Zergling x2  
  157  36:35  Ultralisk  
  163  36:44  Zergling x8  
  158  36:54  Viper  
  158  37:00  Overseer  
  161  37:04  Zergling x2  
  124  37:16  Zergling x2  
  124  37:17  Zergling x4  
Show
View Real Time Build Order
Export as new Build Order

Spirit Terran 

Build Orders: Command Center First 

Get SALT Encoding   

  12  0:00  SCV  
  13  0:12  SCV  
  14  0:17  Supply Depot  
  14  0:24  SCV  
  15  0:38  SCV  
  16  0:50  SCV  
  17  0:59  Command Center  
  17  1:03  SCV  
  18  1:13  Barracks  
  18  1:17  SCV  
  19  1:22  Refinery  
  19  1:29  SCV  
  19  1:31  Refinery  
  20  1:41  SCV  
  21  1:53  SCV  
  22  2:00  Reaper  
  23  2:05  Orbital Command  
  23  2:11  Orbital Command  
  23  2:20  Factory  
  23  2:32  Supply Depot, SCV  
  23  2:33  Barracks Reactor  
  25  2:37  SCV  
  25  2:44  SCV  
  26  2:49  SCV  
  27  2:56  SCV  
  28  3:01  SCV  
  28  3:05  Command Center  
  29  3:08  SCV  
  30  3:13  SCV  
  30  3:15  Hellion x2  
  35  3:20  SCV, Marine  
  35  3:25  SCV  
  38  3:32  SCV  
  39  3:36  Hellion x2  
  39  3:37  SCV  
  39  3:38  Supply Depot, Barracks Tech Lab  
  44  3:44  SCV  
  45  3:48  Command Center  
  45  3:52  SCV  
  46  3:57  Stimpack  
  46  3:59  Marine  
  46  4:00  SCV  
  48  4:03  Supply Depot  
  48  4:04  SCV  
  48  4:09  Factory Reactor  
  49  4:12  SCV  
  49  4:14  Barracks  
  49  4:15  Barracks  
  50  4:17  Orbital Command  
  50  4:19  SCV  
  51  4:24  Starport  
  51  4:25  SCV  
  51  4:29  Refinery  
  52  4:31  SCV  
  52  4:32  Supply Depot  
  52  4:33  Refinery  
  52  4:34  Marine  
  52  4:37  SCV  
  55  4:43  SCV  
  55  4:44  Orbital Command, Engineering Bay x2  
  56  4:49  SCV  
  57  4:54  Factory Tech Lab  
  57  4:55  Supply Depot, SCV  
  58  5:00  Orbital Command  
  58  5:02  SCV, Starport Reactor, Marine x2  
  58  5:04  Supply Depot  
  61  5:07  SCV  
  61  5:11  SCV  
  61  5:12  Terran Infantry Weapons Level 1  
  61  5:14  SCV, Marine x2, Terran Infantry Armor Level 1  
  64  5:16  Marine  
  64  5:20  SCV, Marine  
  69  5:24  SCV  
  69  5:26  Supply Depot, Siege Tank  
  69  5:27  SCV, Marine  
  75  5:30  SCV  
  75  5:32  Marine x2  
  75  5:34  Marine  
  75  5:35  SCV  
  80  5:36  SCV  
  80  5:38  Marine  
  80  5:39  SCV  
  80  5:40  Combat Shield  
  80  5:42  SCV  
  84  5:47  SCV  
  84  5:48  SCV  
  84  5:49  Supply Depot, Barracks x2  
  86  5:51  SCV  
  86  5:52  Supply Depot, Marine x2  
  86  5:53  Marine  
  86  5:54  Marine  
  86  5:56  Marine  
  92  5:58  Siege Tank  
  92  6:02  Refinery x2  
  95  6:04  Medivac  
  95  6:05  Bunker  
  95  6:07  SCV x2  
  95  6:08  SCV  
  95  6:09  Marine  
  95  6:10  Marine  
  102  6:14  Missile Turret  
  102  6:17  Supply Depot, Marine  
  103  6:19  SCV, Marine x2  
  106  6:25  SCV  
  106  6:27  Marine x2  
  106  6:29  Armory  
  106  6:32  Orbital Command, Factory  
  108  6:34  Marine  
  108  6:35  Supply Depot, Siege Tank  
  108  6:36  Marine x2  
  108  6:37  Barracks Reactor  
  108  6:38  Barracks Tech Lab  
  108  6:39  SCV  
  115  6:40  SCV x2  
  115  6:45  Marine x2  
  119  6:47  Supply Depot  
  119  6:49  Supply Depot  
  119  6:51  SCV  
  119  6:52  SCV, Marine, Medivac  
  119  6:53  Medivac  
  126  6:54  Marine x2  
  126  7:00  SCV x2  
  130  7:02  Marine  
  130  7:03  SCV, Marine x2  
  130  7:04  Supply Depot  
  130  7:06  SCV  
  135  7:10  Marine  
  135  7:12  Marine x2  
  135  7:14  Siege Tank  
  135  7:15  SCV  
  136  7:16  SCV x2  
  136  7:20  Marine  
  136  7:21  Marine, Terran Infantry Weapons Level 2  
  140  7:25  Refinery, Terran Infantry Armor Level 2  
  140  7:28  Marine  
  141  7:30  Marine  
  141  7:31  Marauder  
  141  7:36  SCV x3  
  147  7:39  Barracks  
  147  7:42  Missile Turret, Barracks x2  
  143  7:44  Missile Turret  
  143  7:45  Missile Turret  
  143  7:47  Marine x2  
  143  7:48  SCV, Marine  
  143  7:49  Marine x3  
  143  7:51  Marine  
  147  7:52  Factory Tech Lab  
  147  7:53  SCV, Marine  
  141  7:59  Thor  
  141  8:03  SCV x2  
  141  8:04  SCV  
  141  8:05  Marine x2  
  149  8:06  Marine  
  149  8:07  Refinery  
  149  8:09  Sensor Tower  
  149  8:12  SCV  
  150  8:15  Siege Tank  
  150  8:16  Barracks  
  150  8:18  SCV  
  154  8:20  Sensor Tower  
  154  8:22  Medivac x2  
  154  8:26  Command Center  
  158  8:29  SCV x3  
  158  8:30  SCV  
  158  8:34  Barracks Tech Lab x2, Ghost Academy  
  162  8:42  Siege Tank, Missile Turret x2  
  162  8:43  Marauder x2  
  162  8:47  Siege Tank  
  172  8:51  Factory  
  172  8:54  Supply Depot  
  172  8:55  Terran Vehicle Weapons Level 1  
  175  9:11  Barracks Tech Lab, Ghost  
  175  9:12  Ghost  
  175  9:14  Siege Tank  
  175  9:16  Missile Turret x2  
  178  9:20  Command Center  
  178  9:22  Refinery, Command Center  
  178  9:28  Missile Turret  
  178  9:31  Missile Turret  
  178  9:34  Ghost  
  178  9:36  Siege Tank  
  183  9:38  Supply Depot  
  183  9:41  Factory Tech Lab  
  183  9:46  Siege Tank  
  183  9:52  Ghost x2  
  188  9:55  Command Center  
  188  9:57  Concussive Shells  
  190  10:01  Missile Turret  
  190  10:02  Ghost  
  190  10:05  Supply Depot  
  190  10:06  Ghost  
  194  10:08  Siege Tank  
  197  10:15  Missile Turret  
  197  10:16  Missile Turret x2, Ghost  
  199  10:29  Supply Depot  
  199  10:31  Personal Cloaking  
  199  10:32  Terran Infantry Weapons Level 3  
  199  10:35  Orbital Command  
  199  10:36  Orbital Command  
  199  10:39  Missile Turret, Command Center  
  199  10:40  Planetary Fortress  
  198  10:52  Supply Depot  
  198  10:53  Supply Depot  
  198  11:01  Missile Turret  
  198  11:02  Missile Turret  
  198  11:04  Sensor Tower  
  198  11:07  Command Center  
  179  11:13  Siege Tank  
  179  11:20  Bunker  
  179  11:22  Supply Depot  
  179  11:23  Supply Depot, Sensor Tower  
  179  11:24  Terran Infantry Armor Level 3, Starport, Terran Ship Weapons Level 1  
  179  11:25  Fusion Core  
  179  11:31  Ghost  
  181  11:33  Refinery  
  181  11:34  Orbital Command, Refinery  
  181  11:38  Command Center  
  181  11:42  Ghost, Command Center  
  181  11:43  Ghost  
  185  11:47  Supply Depot, Ghost  
  187  12:00  Ghost  
  186  12:04  Ghost  
  179  12:11  Ghost  
  181  12:19  SCV x2  
  181  12:20  Ghost  
  181  12:22  Refinery, Sensor Tower  
  184  12:23  Bunker  
  184  12:24  Missile Turret, Refinery, Command Center  
  184  12:26  Missile Turret x2  
  184  12:31  Orbital Command  
  184  12:43  Ghost  
  186  12:45  Marauder  
  186  12:50  Missile Turret  
  188  12:53  Siege Tank  
  191  13:02  Siege Tank  
  190  13:09  Neosteel Armor  
  190  13:13  Orbital Command  
  190  13:16  Ghost  
  192  13:20  Ghost  
  192  13:21  Missile Turret  
  192  13:23  Missile Turret  
  192  13:25  Liberator x2, Starport Reactor  
  197  13:35  Siege Tank  
  197  13:38  Siege Tank  
  197  13:40  Orbital Command  
  199  14:09  SCV  
  200  14:18  Barracks Tech Lab  
  200  14:20  Missile Turret  
  200  14:21  Hi-Sec Auto Tracking, Sensor Tower  
  200  14:22  Terran Vehicle And Ship Armor Level 1, Advanced Ballistics, Missile Turret  
  200  14:23  Armory  
  200  14:26  Nuke  
  200  14:42  Missile Turret  
  200  14:49  Barracks Tech Lab x3  
  200  14:55  Barracks Tech Lab x2  
  200  15:01  Missile Turret  
  200  15:02  Sensor Tower  
  200  15:03  Missile Turret x2  
  200  15:09  Orbital Command  
  200  15:18  Command Center  
  200  15:21  Sensor Tower  
  200  15:33  Liberator  
  191  15:37  Ghost x2  
  181  15:43  Siege Tank  
  181  15:45  Medivac x2  
  181  15:49  Siege Tank  
  191  15:53  Siege Tank  
  192  16:08  Marine  
  192  16:09  Marauder  
  195  16:14  Nuke  
  195  16:15  Terran Ship Weapons Level 2  
  195  16:17  Ghost Academy  
  195  16:19  Ghost  
  192  16:27  Missile Turret  
  192  16:28  Missile Turret, Ghost x2  
  196  16:36  Missile Turret x2  
  196  16:41  Terran Vehicle Weapons Level 2, Barracks  
  196  16:42  Missile Turret x2  
  196  16:43  Sensor Tower  
  194  16:57  Missile Turret  
  194  16:58  Missile Turret  
  194  16:59  Missile Turret x2  
  193  17:03  Missile Turret  
  193  17:07  Siege Tank  
  190  17:09  Liberator x4  
  188  17:29  Marine x2  
  194  17:37  Nuke  
  194  17:38  Nuke  
  195  17:47  Marine  
  195  17:48  Marauder x6  
  194  17:52  Liberator x2  
  194  17:57  Sensor Tower  
  200  17:58  Missile Turret  
  200  17:59  Sensor Tower  
  200  18:00  Missile Turret x2, Refinery  
  200  18:01  Missile Turret  
  200  18:02  Refinery  
  198  18:07  Command Center  
  198  18:09  Marauder  
  200  18:13  Orbital Command  
  197  18:30  Marauder  
  190  18:35  Ghost x2  
  194  18:44  Liberator x3  
  197  18:48  Liberator  
  199  18:59  Terran Vehicle And Ship Armor Level 2, Terran Ship Weapons Level 3  
  199  19:02  Orbital Command  
  199  19:09  Ghost x6  
  184  19:18  Marine  
  184  19:23  Planetary Fortress  
  182  19:25  Marine  
  182  19:27  Liberator x2  
  182  19:29  Liberator  
  192  19:37  Marine  
  193  19:39  Marauder x3  
  193  19:44  Marauder  
  193  19:45  Ghost  
  196  19:46  Ghost  
  200  19:59  Ghost  
  198  20:04  Nuke  
  199  20:08  Ghost  
  193  20:18  Ghost x3  
  199  20:23  Liberator  
  199  20:40  Marine  
  200  20:48  Ghost  
  167  20:50  Liberator x3  
  167  20:51  Orbital Command, Marine, Marauder x5  
  167  20:54  Marine  
  167  20:57  Marine  
  186  21:06  Liberator  
  189  21:12  Marauder  
  189  21:13  Marauder x3  
  189  21:14  Command Center  
  199  21:23  Refinery  
  199  21:25  Terran Vehicle And Ship Armor Level 3  
  190  21:26  Refinery  
  194  21:33  Liberator x2  
  194  21:38  Liberator  
  195  21:44  Planetary Fortress  
  195  21:49  Liberator  
  198  21:58  Missile Turret  
  199  22:08  Siege Tank  
  194  22:32  Liberator x2  
  194  22:35  Orbital Command  
  200  22:39  Liberator  
  193  22:53  Liberator  
  190  23:15  Liberator  
  193  23:21  Liberator  
  184  23:36  Liberator, Marine  
  184  23:37  Marauder  
  190  23:52  Missile Turret  
  190  23:54  Missile Turret  
  188  23:58  Liberator  
  188  24:02  Marine  
  181  24:03  Marauder  
  181  24:04  Liberator  
  181  24:05  Marine  
  181  24:06  Refinery  
  188  24:12  Marine, Marauder  
  188  24:17  Refinery  
  191  24:26  Marine  
  192  25:00  Marine x2  
  192  25:07  Planetary Fortress  
  192  25:09  Supply Depot  
  192  25:10  Missile Turret  
  192  25:14  SCV, Marauder  
  192  25:30  SCV, Marine, Liberator x2  
  192  25:31  Supply Depot  
  192  25:33  Orbital Command  
  200  25:43  Marine, Marauder  
  200  25:59  Sensor Tower  
  200  26:20  Refinery  
  200  26:21  Refinery, Command Center  
  200  26:25  Missile Turret  
  200  26:32  Missile Turret  
  200  26:34  Missile Turret  
  200  26:42  Marauder  
  200  26:43  Marine  
  200  26:44  Siege Tank x3, Marauder  
  199  27:01  Supply Depot  
  199  27:08  Missile Turret  
  199  27:27  Marauder  
  188  27:39  Ghost  
  181  27:57  Supply Depot  
  181  27:58  Supply Depot  
  181  27:59  Supply Depot  
  181  28:00  Supply Depot  
  169  28:19  Supply Depot  
  169  28:22  Supply Depot  
  169  28:26  Marine  
  170  28:33  Supply Depot x2  
  170  28:40  SCV x2  
  170  28:41  SCV, Marauder x2  
  177  28:44  Siege Tank, Marauder x3  
  186  28:50  SCV  
  186  28:54  SCV, Marine  
  188  29:16  Siege Tank  
  130  29:48  Ghost x2  
  130  29:49  Marine, Marauder  
  108  30:23  Orbital Command  
  98  30:48  SCV  
  98  30:49  SCV  
  101  30:53  Orbital Command  
  100  31:01  SCV  
  100  31:12  Orbital Command  
  100  31:13  SCV  
  97  31:25  Orbital Command  
  57  31:40  Orbital Command  
  57  31:47  Marine x2  
  57  31:48  Orbital Command  
  57  32:34  Orbital Command  
  57  32:40  Orbital Command  
  57  32:44  Orbital Command  
  57  33:01  SCV  
  58  33:09  SCV  
  59  33:13  SCV  
  60  33:21  SCV  
  60  33:25  SCV  
  62  33:33  SCV  
  63  33:37  SCV  
  64  33:45  SCV, Marine  
  64  33:46  Marine  
  67  33:49  SCV  
  67  33:54  Factory Tech Lab  
  68  33:56  Marine  
  68  34:00  Orbital Command  
  69  34:03  Marine x2  
  71  34:13  Siege Tank  
  71  34:15  Widow Mine  
  76  34:20  Supply Depot  
  76  34:21  Supply Depot  
  76  34:35  Supply Depot  
  76  34:42  Widow Mine  
  78  34:48  Siege Tank  
  81  34:56  Supply Depot  
  81  35:03  Widow Mine  
  83  35:13  Marine x3  
  86  35:20  Siege Tank  
  89  35:31  Marine x2  
  89  35:34  Supply Depot  
  91  35:40  Widow Mine  
  93  35:55  Widow Mine  
  95  35:59  Marine  
  95  36:02  Marine  
  96  36:32  Marine  
  95  36:55  Marine  
Tags
 
Add a new tag
Caveats
  • Supply blocks, unpowered buildings, or Contaminate may cause inaccurate times.
  • Supply counts are checked every 10 seconds.